 Dungeon Crawl Stone Soup version 0.30-a0-743-gbfdf073431 (webtiles) character file.

Game seed: 2771296307971960034

3383 themarg the Destroyer (level 9, -6/74 HPs)
             Began as a White Draconian Conjurer on Feb 6, 2023.
             Was a Follower of Vehumet.
             Constricted to death by Erica (11 damage)
             ... on level 9 of the Dungeon.
             The game lasted 00:30:38 (10726 turns).

themarg the Destroyer (White Draconian Conjurer)   Turns: 10726, Time: 00:30:38

Health: -6/74      AC:  9    Str:  9    XL:     9   Next: 74%
Magic:  1/19       EV:  9    Int: 23    God:    Vehumet [*.....]
Gold:   498        SH:  0    Dex: 10    Spells: 11/22 levels left

rFire   . . .      SeeInvis .    c - +0 dagger
rCold   + . .      Faith    .    (no shield)
rNeg    . . .      Spirit   .    (body armour unavailable)
rPois   .          Reflect  .    (helmet restricted)
rElec   .          Harm     .    E - +0 cloak
rCorr   .          Rampage  .    f - +0 pair of gloves
Will    .....                    (no boots)
Stlth   ++                       (no amulet)
HPRegen 0.32/turn                (no ring)
MPRegen 0.16/turn                (no ring)

@: grasped by roots, very slightly contaminated, slowed, constricted, very slow
A: breathe frost, AC +7, unfitting armour, cold resistance 1, cold-blooded
a: Breathe Frost, Renounce Religion


You were on level 9 of the Dungeon.
You worshipped Vehumet.
Vehumet was aware of your devotion.
You visited 2 branches of the dungeon, and saw 10 of its levels.

You collected 510 gold pieces.
You spent 12 gold pieces at shops.

Inventory:

Hand Weapons
 c - a +0 dagger (weapon)
 i - a +2 mace of draining
 A - a +3 dire flail of protection
Missiles
 b - 39 stones
 q - 6 poisoned darts
 y - 2 curare-tipped darts
Armour
 f - a +0 pair of gloves (worn)
 E - a +0 cloak (worn)
Magical Staves
 n - a staff of earth
Jewellery
 L - an amulet of guardian spirit
Wands
 l - a wand of roots (5)
 z - a wand of flame (36)
 D - a wand of paralysis (11)
Scrolls
 e - a scroll of torment {unknown}
 g - 2 scrolls of vulnerability {unknown}
 o - a scroll of blinking {unknown}
 p - 2 scrolls of magic mapping {unknown}
 r - 3 scrolls of fog {unknown}
 t - a scroll of teleportation {unknown}
 u - a scroll of fear {unknown}
 x - a scroll of poison {unknown}
 B - a scroll of immolation {unknown}
 G - a scroll of silence {unknown}
 J - a scroll of identify
 K - 2 scrolls of enchant armour {unknown}
Potions
 a - 2 potions of magic
 d - 3 potions of haste
 h - a potion of berserk rage {unknown}
 j - a potion of might {unknown}
 k - 5 potions of brilliance
 m - 2 potions of curing
 s - 2 potions of attraction {unknown}
 v - a potion of degeneration {unknown}
 w - a potion of resistance {unknown}
 C - 2 potions of lignification {unknown}
 F - a potion of mutation {unknown}
 H - 2 potions of invisibility {unknown}
 I - a potion of heal wounds {unknown}


   Skills:
 - Level 5.0 Fighting
 - Level 3.0 Dodging
 - Level 3.0 Stealth
 + Level 7.2 Spellcasting
 - Level 10.0 Conjurations
 - Level 2.0 Hexes
 - Level 3.0 Translocations


You had 11 spell levels left.
You knew the following spells:

 Your Spells              Type           Power      Damage    Failure   Level
a - Magic Dart            Conj           100%       1d8       1%          1
b - Searing Ray           Conj           100%       2d8       1%          2
c - Fulminant Prism       Conj/Hex       17%        3d10      6%          4
d - Iskenderun's Mystic   Conj/Tloc      38%        2d9       5%          4

Your spell library contained the following spells:

 Spells                   Type           Power      Damage    Failure   Level
 Foxfire                  Conj/Fire      100%       2x1d9     1%          1
 Dazzling Flash           Conj/Hex       70%        N/A       1%          3
 Apportation              Tloc           44%        N/A       2%          1
 Ensorcelled Hibernation  Hex/Ice        24%        N/A       8%          2
 Flame Wave               Conj/Fire      31%        2d9       10%         4
 Sticky Flame             Conj/Fire      31%        2d5       10%         4
 Passwall                 Tmut/Erth      6%         N/A       12%         2
 Inner Flame              Hex/Fire       12%        N/A       16%         3
 Swiftness                Air            8%         N/A       22%         3
 Cause Fear               Hex            8%         N/A       32%         4
 Alistair's Intoxication  Tmut/Pois      5%         N/A       91%         5
 Borgnjor's Vile Clutch   Necr/Erth      4%         N/A       91%         5
 Eringya's Noxious Bog    Tmut/Pois      4%         N/A       100%        6
 Discord                  Hex            8%         N/A       100%        8


Dungeon Overview and Level Annotations

Branches:
Dungeon (9/15)             Temple (1/1) D:5
   Lair: D:8-11         Orc: D:9-12

Altars:
Ashenzari
Cheibriados
Dithmenos
Elyvilon
Fedhas
Gozag
Kikubaaqudgha
Nemelex Xobeh
Trog
Uskayaw
Vehumet
Wu Jian
Yredelemnul
Zin

Shops:
D:3 (::   D:4 *   D:5 (:(:   D:8 *

Annotations:
D:6 2 transporters, NinjaNoafa's ghost, novice MeCj
D:8 exclusion: downstairs
D:9 Erica


Innate Abilities, Weirdness & Mutations

You can breathe waves of freezing cold which knock back foes.
Your icy white scales are hard. (AC +7)
You cannot fit into any form of body armour.
Your flesh is cold resistant. (rC+)
You are cold-blooded and may be slowed by cold attacks.


Message History

The roots erupt in riotous growth!
The grasping roots grab you!
You are constricted.
The gnoll shouts!
The searing ray hits something!
You finish channelling your searing ray.
Something hits you! Something burns you.
You are constricted!
* * * LOW HITPOINT WARNING * * *
You miscast Iskenderun's Mystic Blast.
You are very lightly contaminated with residual magic.
You feel a wrenching sensation.
You are magically locked in place.
You hear some strange, mumbled words.
You feel yourself slow down.
You are constricted.
* * * LOW HITPOINT WARNING * * *
You erupt in a blast of force!
The mystic blast hits something.
You are constricted.
* * * LOW HITPOINT WARNING * * *
The grasping roots release their grip on you.
You cannot move.
Okay, then.
Aiming: Fastroot
Press: ? - help, Shift-Dir - straight line, f - gnoll
Aim: a gnoll, wielding a +0 spear The roots erupt in riotous growth!
You are no longer locked in place.
You hear a zap.
The roots erupt in riotous growth!
The grasping roots grab you!
The now-empty wand crumbles to dust.
You are constricted.
* * * LOW HITPOINT WARNING * * *
The gnoll hits you from afar with a +0 spear.
* * * LOW HITPOINT WARNING * * *
Aiming: Paralyse
Press: ? - help, Shift-Dir - straight line, f/p - gnoll
Aim: a gnoll, wielding a +0 spear (chance to affect: 57%) Nothing appears to happen.
You have got your breath back.
Something hits you but does no damage.
You are constricted!
You die...

.........#.####
...........>..
#g#.####.#..#######
#.#.#.............@
#g#.#.##.#..#
#g....##.#..#
#.#.####.#..#
#g#.#....#..##############
.<...........)g.@........#
.......###..############.#
...........##)...........#
............#.############
######......#.#
#.......#.# #.#.....#.#
#.#.....#.# #.#


You could see a gnoll.

Vanquished Creatures
  Grinder (D:6)
  Sigmund (D:6)
  2 shadows
  A water moccasin (D:6)
  5 sky beasts
  An ice beast (D:5)
  3 black bears
  An ogre (D:3)
  A centaur (D:9)
  Blork the orc (D:6)
  3 bullfrogs
  A gnoll sergeant (D:9)
  A scorpion (D:6)
  13 killer bees
  A howler monkey (D:5)
  2 jellies
  5 hounds
  An orc priest (D:8)
  2 iguanas
  Terence (D:3)
  2 orc wizards
  9 adders
  6 gnolls
  3 white imps (D:7)
  An ufetubus (D:5)
  2 worms
  2 dart slugs (D:1)
  20 orcs
  6 ball pythons
  5 bats
  5 endoplasms
  4 giant cockroaches
  13 goblins
  8 hobgoblins
  4 jackals (D:2)
  8 kobolds
  3 quokkas
  6 frilled lizards
  4 rats
158 creatures vanquished.

Vanquished Creatures (others)
  4 fulminant prisms
4 creatures vanquished.

Grand Total: 162 creatures vanquished

Notes
Turn   | Place    | Note
-------+----------+-------------------------------------------
     0 | D:1      | themarg the Draconian Conjurer began the quest for the Orb.
     0 | D:1      | Reached XP level 1. HP: 14/14 MP: 3/3
   173 | D:1      | Reached XP level 2. HP: 20/20 MP: 0/5
   176 | D:1      | Learned a level 2 spell: Searing Ray
  1165 | D:2      | Reached XP level 3. HP: 26/26 MP: 3/6
  2278 | D:3      | Reached XP level 4. HP: 33/33 MP: 2/8
  2466 | D:3      | Found a faded altar of an unknown god.
  2486 | D:3      | Noticed an ogre
  2498 | D:3      | Killed an ogre
  2499 | D:3      | Reached skill level 5 in Conjurations
  2499 | D:3      | Reached XP level 5. HP: 38/38 MP: 3/10
  2625 | D:3      | Found Vocoug's Antique Weapon Shop.
  2675 | D:3      | Noticed an ogre
  2949 | D:3      | Noticed Terence
  2957 | D:3      | Killed Terence
  3135 | D:3      | Found Lutaboaz's Book Shoppe.
  3254 | D:3      | Reached XP level 6. HP: 45/45 MP: 5/11
  3336 | D:3      | Found Tarphuot's Book Shoppe.
  4156 | D:4      | Found Rasezew's CLEARANCE SALE!.
  4164 | D:4      | Bought a scroll of identify for 12 gold pieces
  4329 | D:5      | Entered Level 5 of the Dungeon
  4525 | D:5      | Reached skill level 6 in Conjurations
  4547 | D:5      | Noticed an ice beast
  4557 | D:5      | Killed an ice beast
  4558 | D:5      | Reached skill level 1 in Hexes
  4558 | D:5      | Reached skill level 1 in Translocations
  4722 | D:5      | Your scales start taking on an icy white colour.
  4722 | D:5      | Reached XP level 7. HP: 42/50 MP: 9/13
  4722 | D:5      | Gained mutation: Your flesh is cold resistant. (rC+) [White
                  | Draconian growth]
  5067 | D:5      | Found Noliyrph's Book Shop.
  5068 | D:5      | Found Qeopoc's Weapon Shop.
  5071 | D:5      | Found Toireor's Book Shop.
  5073 | D:5      | Found Visac's Antique Weapon Shop.
  5221 | D:5      | Found a staircase to the Ecumenical Temple.
  5242 | Temple   | Entered the Ecumenical Temple
  5431 | Temple   | Became a worshipper of Vehumet
  5861 | D:5      | Reached skill level 5 in Spellcasting
  6115 | D:6      | Reached skill level 7 in Conjurations
  6404 | D:6      | Noticed Sigmund
  6420 | D:6      | Reached XP level 8. HP: 49/57 MP: 9/15
  6420 | D:6      | Killed Sigmund
  6421 | D:6      | Reached skill level 8 in Conjurations
  6621 | D:6      | Reached skill level 9 in Conjurations
  6756 | D:6      | Noticed Grinder
  6988 | D:6      | Noticed Blork the orc
  7000 | D:6      | Learned a level 4 spell: Fulminant Prism
  7005 | D:6      | Learned a level 4 spell: Iskenderun's Mystic Blast
  7089 | D:6      | Reached skill level 10 in Conjurations
  7089 | D:6      | Reached skill level 1 in Fighting
  7331 | D:6      | Killed Grinder
  7332 | D:6      | Reached XP level 9. HP: 52/70 MP: 0/16
  7553 | D:6      | Noticed NinjaNoafa's ghost (novice MeCj)
  7554 | D:6      | Found a transporter.
  7556 | D:6      | Identified the +1 great mace of Hyreuz {freeze, rF+ rC++
                  | rCorr Str-5}
  7558 | D:6      | Found a transporter.
  7697 | D:6      | Killed Blork the orc
  8363 | D:7      | Reached skill level 5 in Fighting
  8404 | D:7      | Found a basalt altar of Yredelemnul.
  8726 | D:7      | Found a broken altar of Ashenzari.
  9155 | D:8      | Found Bolirex's Mass Market.
  9308 | D:8      | Reached * piety under Vehumet
  9308 | D:8      | Offered knowledge of Foxfire by Vehumet.
 10268 | D:9      | Found a snail-covered altar of Cheibriados.
 10689 | D:9      | Noticed Erica
 10726 | D:9      | Constricted to death by Erica

Illustrated notes

Levels and vault maps discovered:
D:1:      dpeg_arrival_windows_large_door, layout_loops_cross, minmay_tromino_i4
D:2:      layout_rooms
D:3:      layout_basic, serial_shops, nicolae_lakefront_shop,
          nicolae_shop_hallway_stairs, shop, shapermc_ecumenical_altar_venn,
          minmay_ogre_servants, uniq_terence
D:4:      layout_basic, nicolae_shop_clearance
D:5:      layout_basic, minmay_temple_entry_waves, glass_columns_b, st_stairs_4,
          minmay_shop_grid_forest, nicolae_half_adder
D:6:      layout_gridville, gammafunk_ghost_smash, uniq_sigmund, uniq_grinder,
          uniq_blork_the_orc
D:7:      lemuel_ice_spiral_2, layout_basic, yredelemnul_altar_generic,
          mainiacjoe_overflow_paths
D:8:      layout_loops_cross, minmay_shop_mass
D:9:      layout_basic, kennysheep_mini_moat,
          mainiacjoe_overflow_six_doors_small, orc_0_dummy, serial_shops, shop,
          nicolae_titane, uniq_erica
Temple:   chequers_temple_sunken

Skill      XL: |  1  2  3  4  5  6  7  8  9 |
---------------+----------------------------+-----
Stealth        | 2 3 |  3.0
Spellcasting   | 3 4 5 7 |  7.2
Conjurations   | 5 6 7 10 | 10.0
Hexes          | 1 2 |  2.0
Translocations | 1 2 3 |  3.0
Fighting       | 3 5 |  5.0
Dodging        | 3 |  3.0

Action                     |  1- 3 |  4- 6 |  7- 9 || total
---------------------------+-------+-------+-------++-------
  Melee: Dagger            |     4 |       |       ||     4
         Tailslap          |     2 |       |       ||     2
   Cast: Magic Dart        |    67 |    27 |    28 ||   122
         Searing Ray       |    15 |    26 |    56 ||    97
         Iskenderun's Myst |       |       |    13 ||    13
         Fulminant Prism   |       |       |     4 ||     4
Ability: Breathe Frost     |       |       |     2 ||     2
  Evoke: Wand              |       |       |     3 ||     3
    Use: Scroll            |       |     2 |       ||     2
         Potion            |       |       |     4 ||     4
 Armour: Skin              |     2 |    14 |    38 ||    54
  Dodge: Dodged            |     7 |    18 |    54 ||    79

Table legend: (Time is in decaauts)
 A = Elapsed time spent in this place.
 B = Non-inter-level travel time spent in this place.
 C = Inter-level travel time spent in this place.
 D = Time resting spent in this place.
 E = Time spent auto-exploring this place.
 F = Levels seen in this place.
 G = Mean time per level.
                   A        B        C        D        E       F      G
               +--------+--------+--------+--------+--------+-----+--------+
         Total |  10793 |  10420 |    373 |    880 |   8325 |  10 | 1079.3 |
       Dungeon |  10527 |  10167 |    360 |    880 |   8094 |   9 | 1169.7 |
        Temple |    266 |    253 |     13 |      0 |    231 |   1 |  266.0 |
               +--------+--------+--------+--------+--------+-----+--------+

Top non-repeatable levels by time:
     D:6: 1897 daAuts
     D:3: 1560 daAuts
     D:5: 1454 daAuts
     D:1: 1189 daAuts
     D:7: 1141 daAuts
     D:8: 1024 daAuts
     D:2: 833 daAuts
     D:4: 748 daAuts
     D:9: 678 daAuts
  Temple: 266 daAuts
